[Event "*** Monthly 3|2 Blitz Masters"]
[Site "Chess.com"]
[Date "2014.11.25"]
[Round "8"]
[White "RitvarsReimanis"]
[Black "Philofive"]
[Result "1-0"]
[WhiteElo "2239"]
[BlackElo "2201"]
[TimeControl "180+2"]
[EndTime "12:46:19 PST"]
[Termination "RitvarsReimanis won on time"]

1. d4 Nf6 2. c4 g6 3. Nc3 Bg7 4.
e4 d6 5. h3 O-O 6. Nf3 e5 7. d5 a5 8. Bg5 Na6 9. Be2 Qe8 10. O-O Nh5 11. Re1 Bd7 12. Bf1 f6 13.
Bc1 f5 14. Ng5 h6 15. Ne6 Bxe6 16. dxe6 Qxe6 17. exf5 Qxf5 18. Be3 Nf4 19. Nd5 Kh7 20. Rc1 Rf7 21. Qb3 b6 22. Bxf4 exf4 23. Bd3 Qg5 24. Be4 Nc5 25. Qf3 Nxe4 26. Rxe4 Be5 27. Rce1 Raf8 28.
b3 Qf5 29. R4e2 g5 30. b4 axb4 31. Nxb4 Bg7 32. Nd5 Be5 33. Nb4 Bg7 34. Nd5 Be5 35.
Nb4 Qg6 36. Nc6 Bg7 37. Re6 Rf6 38. Re7 R8f7 39. R7e4 Bf8 40. Re8 h5 41. Qc3 g4 42.
h4 Rf5 43. R8e6 Qg7 44. Nd4 Re5 45. Qd3+ Kh8 46. R1xe5 dxe5 47. Nf5 Qh7 48. Rxe5 Bd6 49. Re8+ Rf8 50. Qd4+ Kg8 51. Qd5+ Kh8 52. Rxf8+ Bxf8 53. Qe5+ Kg8 54. Qxf4 Bc5 55. Qg5+ Kf7 56. g3 1-0

[Event "*** Monthly 3|2 Blitz Masters"]
[Site "Chess.com"]
[Date "2014.11.25"]
[Round "8"]
[White "redchessman"]
[Black "MattyDPerrine"]
[Result "1-0"]
[WhiteElo "2275"]
[BlackElo "2037"]
[TimeControl "180+2"]
[EndTime "12:46:26 PST"]
[Termination "redchessman won by resignation"]

1. Nf3 c5 2. c4 e6 3. g3 b6 4. Bg2 Bb7 5. O-O Nf6 6. d4 cxd4 7.
Qxd4 Nc6 8. Qd2 d5 9. cxd5 Qxd5 10.
Rd1 Qxd2 11. Rxd2 Ne4 12. Rd1 Bc5 13. e3 Nb4 14. a3 Nc2 15. Ra2 Bd5 16. Rxd5 exd5 17.
b4 Nxb4 18. axb4 Bxb4 19. Bd2 Bxd2 20. Nbxd2 O-O 21. Nd4 f5 22. Nxe4 fxe4 23. Bh3 Rfd8 24. Ne6 Rd7 25. Nf4 Rd6 26. Be6+ Kf8 27. Bxd5 Rad8 28.
Bxe4 a5 29. Bxh7 g5 30. Nh3 Rd2 31. Ra4 Kg7 32. Bf5 Kf6 33. g4 Rb2 34. Kg2 Rdd2 35. Kf3 Rb4 36. Ra3 Rbb2 37. Bc8 Rb4 38. Bf5 a4 39. Ng1 b5 40. h4 gxh4 41. Nh3 Rb3 42. Ra1 a3 43. Be4 b4 44. g5+ Ke5 45. Nf4 a2 46. g6 Kf6 47. Nd5+ Kg7 48. Nf4 Rc3 49. Ne2 Rc7 50. Nd4 Rd7 51. Bc6 Rd6 52.
Be4 Rf6+ 53. Kg2 Rdxf2+ 54. Kh3 Rf1 55. Rxa2 Rg1 56. Bg2 Rd1 57. Be4 Rg1 58. Ra7+ Kh6 59. Rh7+ Kg5 60. Nf3+ Rxf3+ 61. Bxf3 Kxg6 62. Be4+ Kg5 63.
Rg7+ Kf6 64. Rxg1 1-0

[Event "*** Monthly 3|2 Blitz Masters"]
[Site "Chess.com"]
[Date "2014.11.25"]
[Round "8"]
[White "hitaman"]
[Black "IMRosen"]
[Result "1-0"]
[WhiteElo "2406"]
[BlackElo "1991"]
[TimeControl "180+2"]
[EndTime "12:46:28 PST"]
[Termination "hitaman won by resignation"]

1. e4 c5 2. Nf3 e6 3. d4 cxd4 4.
Nxd4 Nc6 5. Nc3 Qc7 6. Be2 a6 7. O-O Nf6 8. Kh1 Nxd4 9. Qxd4 Bc5 10. Qd2 h6 11. Qd3 b5 12. a3 Bb7 13. Be3 d6 14. Bxc5 Qxc5 15. Rad1 Rd8 16. f3 O-O 17. Rd2 Nh5 18.
Rfd1 Nf4 19. Qd4 Qc7 20. Qa7 Rd7 21. Bf1 Rfd8 22. Qe3 Ng6 23. f4 Ne7 24. h3 Qc6 25.
Be2 Qc7 26. Bf3 Bc6 27. b4 Bb7 28. Rd3 Bc6 29. R1d2 Nc8 30. e5 Bxf3 31. Qxf3 d5 32. Ne2 Nb6 33. Nd4 Nc4 34. Re2 Qb6 35. Qf2 Rc8 36.
Rb3 Rdc7 37. Kh2 Qa7 38. Rg3 Kh8 39. Re1 Qb6 40. Rf1 a5 41. bxa5 Qxa5 42. f5 Nxe5 43. f6 g6 44. Qf4 Kh7 45. Qxe5 Qd2 46. Rgf3 Re8 47. R3f2 Qc3 48. Rf3 Qc5 49. h4 Ra7 50. h5 Rg8 51. Rg3 g5 52. Qe3 Rc7 53. Qd3+ Kh8 54. Nxe6 fxe6 55. f7 Rf8 56. Qg6 Rfxf7 57. Rxf7 Rxf7 58. Qxf7 Qd6 59. Qf6+ Kg8 60. Qxh6 g4 61.
Qf6 d4 62. h6 Qc6 1-0

[Event "*** Monthly 3|2 Blitz Masters"]
[Site "Chess.com"]
[Date "2014.11.25"]
[Round "8"]
[White "grandmastergauri"]
[Black "ChessWarrior7197"]
[Result "1-0"]
[WhiteElo "2332"]
[BlackElo "1852"]
[TimeControl "180+2"]
[EndTime "12:47:27 PST"]
[Termination "grandmastergauri won by checkmate"]

1. e4 e5 2. Nf3 Nc6 3. Bc4 Bc5 4. d3 Nf6 5. O-O O-O 6. Re1 d6 7. c3 Ne7 8. h3 Ng6 9. Nbd2 h6 10. Nf1 c6 11.
Be3 Bb6 12. Bb3 Qc7 13. Ng3 Be6 14. d4 Rad8 15. Bxe6 fxe6 16. Qb3 Rfe8 17. Rad1 exd4 18. cxd4 Kh7 19. e5 dxe5 20. dxe5 Nd5 21. Bxb6 axb6 22.
Qc2 Qf7 23. Ne4 Qe7 24. h4 Kh8 25. Nd6 Nxh4 26. Nxh4 Qxh4 27. Nxe8 Rxe8 28. Qg6 Re7 29. Re4 Qg5 30. Qxg5 hxg5 31. Rg4 Kh7 32. Rxg5 Kh6 33. Rg4 g5 34. Rd3 Nf4 35. Rd8 Kg6 36. Rg8+ Kf5 37.
R8xg5+ Ke4 38. g3 Rd7 39. Rxf4+ Kd3 40. Rgg4 Kc2 41. Rd4 Rh7 42. b4 Rf7 43. Rge4 Rf3 44. Re2+ Kc3 45. Re3+ Rxe3 46. fxe3 c5 47. bxc5 bxc5 48.
Rf4 b5 49. Kf2 b4 50. Ke2 c4 51. g4 b3 52. axb3 cxb3 53. Rf1 Kc2 54. g5 b2 55. g6 b1=Q 56. Rxb1 Kxb1 57. g7 Kc2 58. g8=Q Kc3 59. Qxe6 Kc2 60. Qd6 Kb2 61. e6 Kc3 62. e7 Kc2 63. e8=Q Kc3 64. e4 Kc2 65. e5 Kc3 66. e6 Kc2 67. e7 Kc3 68. Qc8+ Kb2 69.
Qdb8+ Ka2 70. e8=Q Ka3 71. Qe7+ Ka2 72. Qee6+ Ka3 73.
Qbd6+ Ka4 74. Qa8+ Kb5 75. Qb7+ Ka4 76. Kd2 Ka5 77.
Kc2 Ka4 78. Kb2 Ka5 79. Qed5+ Ka4 80. Qd1+ Ka5 81. Qe1+ Ka4 82. Qdc6# 1-0

[Event "*** Monthly 3|2 Blitz Masters"]
[Site "Chess.com"]
[Date "2014.11.25"]
[Round "8"]
[White "GeorgMeier"]
[Black "Sebastian"]
[Result "1-0"]
[WhiteElo "2634"]
[BlackElo "2537"]
[TimeControl "180+2"]
[EndTime "12:47:43 PST"]
[Termination "GeorgMeier won by resignation"]

1. Nf3 g6 2. g3 Bg7 3. d4 c6 4. Bg2 Nf6 5. O-O d5 6. Bf4 O-O 7. Nbd2 Bf5 8. c3 Nbd7 9. Qb3 Qb6 10. h3 h6 11. Ne5 g5 12. Nxd7 Nxd7 13. Be3 Qc7 14. c4 e6 15. Rac1 Qb6 16. Rfd1 Rfe8 17. Nf3 Be4 18. Bf1 dxc4 19. Qxc4 Qxb2 20. Nd2 Bd5 21. Qc2 Qxc2 22. Rxc2 Nb6 23. Bg2 Red8 24. Ne4 Nc4 25. Bc1 Bxe4 26. Bxe4 Nd6 27. Bf3 a5 28. a4 Nf5 29. e3 Ne7 30. Ba3 Nd5 31. Rb1 Rab8 32.
Bxd5 exd5 33. Rcb2 Rd7 34. Rb6 f5 35. Rxc6 f4 36. g4 fxe3 37. fxe3 Re8 38. Rc3 Re6 39. Kf2 Rf7+ 40. Kg2 b6 41. Rf1 Rb7 42. Rb1 Rb8 43. Rb5 Rbe8 44. Rbb3 Kh7 45. Kf3 Rf6+ 46. Kg2 Rfe6 47.
Kf3 Kg6 48. Rb5 Rf6+ 49. Kg2 Rfe6 50. Kf3 Rd8 51. Rcb3 Rf6+ 52. Ke2 Rb8 53. Bc5 Bf8 54.
Rxb6 Rbxb6 55. Rxb6 Rxb6 56. Bxb6 Bb4 57. Kd3 Kf6 58. e4 Ke6 59. Bc7 Be1 60. Be5 Bb4 61. Bg7 Kf7 62. Be5 Ke6 63. exd5+ Kxd5 64. Bg7 Be7 65. Bxh6 Bf6 66. Bf8 Bd8 67. Ba3 Bf6 68. Bc1 Be7 69. Be3 Bf6 70. Bd2 Bd8 71. Be1 Bc7 72. h4 gxh4 73. Bxh4 Bb6 74. Bf2 Bd8 75. Be3 Bf6 76. g5 Bg7 77. g6 Ke6 78. Kc4 Kf5 79.
d5 Kxg6 80. Bd4 Bh6 81. d6 Kf7 82. Kd5 Ke8 83. Kc6 Bg5 84. Bb6 Bd8 85. Bc7 Bg5 86. Bxa5 Kf7 87. Bc7 1-0

[Event "*** Monthly 3|2 Blitz Masters"]
[Site "Chess.com"]
[Date "2014.11.25"]
[Round "8"]
[White "gmjlh"]
[Black "Yaacovn"]
[Result "1/2-1/2"]
[WhiteElo "2545"]
[BlackElo "2601"]
[TimeControl "180+2"]
[EndTime "12:48:51 PST"]
[Termination "Game drawn by agreement"]

1. e4 c6 2. Nf3 d5 3. Nc3 dxe4 4.
Nxe4 Nf6 5. Nxf6+ gxf6 6. g3 Qd5 7. Qe2 Bg4 8. Bg2 Nd7 9. d4 Bxf3 10. Bxf3 Qxd4 11. O-O Ne5 12. Bg2 Qc4 13. Qh5 Qg4 14. Qxg4 Nxg4 15. Bf4 e6 16. Rae1 O-O-O 17. c3 Bc5 18. h3 Ne5 19. Bxe5 fxe5 20. Rxe5 Bb6 21. Re2 Rd3 22. Kh2 Rhd8 23. Rfe1 Rd2 24. Bf3 Bxf2 25.
Rxd2 Rxd2 26. Re2 Rxe2 27. Bxe2 Kd7 28. Kg2 Be1 29. Bd3 h6 30. g4 Kd6 31. Kf3 Ke5 32.
Bh7 Bd2 33. Bg8 Kf6 34. Bh7 Kg5 35. Be4 Bc1 36. b3 Bd2 37. c4 Bb4 38. Bd3 Bc5 39. Bf1 a5 40. Ke4 Kh4 41. Kf3 Kg5 42. Ke4 Bd6 43. Bg2 Bc7 44. Bf1 Bb6 45. Bg2 Bf2 46. Bf1 Bg3 47. Bg2 Kf6 48. Bf1 Ke7 49. Bg2 Kd6 50.
Bf3 Kc5 51. Kd3 Kb4 52. Kc2 a4 53. Bd1 a3 54. Bf3 Kc5 55. Kd3 Kd6 56. Ke4 Bf2 57. Be2 Ke7 58. Bf1 Bc5 59. Be2 Kf6 60.
Bf1 Kg5 61. Bg2 f5+ 62. gxf5 exf5+ 63. Kf3 Kf6 64. Bf1 Ke5 65. Bd3 f4 66. Ke2 Kd4 67.
Bf5 Kc3 68. Bg4 Kb2 69. Kd3 Be7 70. Bf3 Bf6 71. Bh5 Kb1 72. Bf3 Kc1 73. Bh5 Be5 74. Bf3 Bd6 75. Bh5 Kb2 76. Bf3 Bc5 77. Bh5 Be7 78.
Bf3 Kb1 79. Bh5 Bf6 80. Bf3 Kc1 81. Bh5 Be7 82. Bf3 Bf8 83. Bh5 Kb2 84. Bf3 Bc5 85.
Bh5 Be3 86. Bf3 b5 87. cxb5 cxb5 88. Bh5 b4 89. Bf3 Kc1 90. Bh5 Bd2 91. Bf3 Bc3 92. Bh5 Kb2 93. Bf3 Be5 94. Bh5 Bf6 95. Bf3 Be7 96. Bh5 Bh4 97. Bf3 Bf2 98. Bh5 Be3 99.
Bf3 Kxa2 100. Kc2 Ka1 101. Bh5 Bd4 102. Bf3 Bc3 103. Bh5 Bd4 104. Bf3 Be3 105. Bh5 Bd2 106. Bf3 Be3 107. Bh5 Bf2 108. Bf3 Be3 109. Bh5 Bf2 110. Bf3 Be3 111. Bh5 Bg1 112. Bf3 Bd4 113. Bh5 Be5 114. Bf3 Bf6 115. Bh5 Bg7 116. Bf3 Bf6 117. Bh5 1/2-1/2

[Event "*** Monthly 3|2 Blitz Masters"]
[Site "Chess.com"]
[Date "2014.11.25"]
[Round "8"]
[White "rhungaski"]
[Black "162a54f5d"]
[Result "1/2-1/2"]
[WhiteElo "2421"]
[BlackElo "2351"]
[TimeControl "180+2"]
[EndTime "12:49:12 PST"]
[Termination "Game drawn by 50-move rule"]

1. e4 e5 2. Nf3 Nc6 3. Bb5 a6 4.
Ba4 Nf6 5. O-O Be7 6. Re1 b5 7. Bb3 d6 8. c3 O-O 9. h3 Na5 10. Bc2 c5 11. d4 Qc7 12. Nbd2 Nc6 13. d5 Nd8 14. a4 Rb8 15. axb5 axb5 16. b4 Bd7 17.
Nf1 Ne8 18. Be3 g6 19. Qd2 Ng7 20. N3h2 f6 21. Ra5 Nf7 22. Bd3 f5 23. f4 fxe4 24.
Bxe4 Nf5 25. Bxf5 Bxf5 26. Ng3 Bh4 27. Bf2 exf4 28. Nxf5 Bxf2+ 29. Qxf2 gxf5 30. Qxf4 Ne5 31. Nf3 Rbe8 32. Nxe5 dxe5 33. Qg5+ Kh8 34. Ra6 cxb4 35. cxb4 e4 36. d6 Qg7 37. Qxg7+ Kxg7 38. Kf2 Rc8 39. Rb6 Rfd8 40. Rxb5 Rc2+ 41. Re2 Rxe2+ 42. Kxe2 Kf6 43.
Rb6 Ke5 44. g3 Ra8 45. Rb5+ Kxd6 46. Rxf5 Ra3 47. Rg5 Rb3 48. b5 Ke6 49. h4 Kf6 50. Rg4 Rxb5 51. Rxe4 Rb3 52. Rf4+ Kg6 53. Kf2 h5 54.
Ra4 Rc3 55. Ra5 Rb3 56. Kg2 Rc3 57. Kh3 Rb3 58. Ra6+ Kg7 59. Re6 Rc3 60. Re5 Kg6 61. Rg5+ Kh6 62. Rg8 Rb3 63. Rf8 Ra3 64. Rf6+ Kg7 65.
Rb6 Rc3 66. Re6 Rc2 67. Rb6 Rd2 68. Rb5 Kg6 69. Rb6+ Kg7 70. Rc6 Re2 71. Rc1 Ra2 72. Rg1 Rb2 73. Rf1 Ra2 74. Rf5 Kg6 75. Rc5 Rb2 76. Rc6+ Kg7 77. Rc1 Ra2 78. Rg1 Kg6 79. Rg2 Ra1 80. Rb2 Ra3 81. Kg2 Rc3 82. Rb6+ Kg7 83. Re6 Rb3 84. Kf2 Ra3 85. Re3 Ra2+ 86. Kf3 Ra4 87. Re4 Ra3+ 88. Kf4 Kg6 89. Re6+ Kg7 90.
Re3 Ra6 91. Kf5 Ra5+ 92. Re5 Ra3 93. Re7+ Kh6 94. Re6+ Kg7 95. Rg6+ Kh7 96. Rg5 Kh6 97.
Kf4 Ra4+ 98. Kf3 Ra3+ 99. Kg2 Ra2+ 100. Kh3 Rb2 101. Rf5 Ra2 102. Rf1 Rb2 103. Rg1 Ra2 104. Rg2 Ra3 105. Rf2 Rb3 106. Kg2 Ra3 107. Re2 Kg6 108. Kf2 Rb3 1/2-1/2

[Event "*** Monthly 3|2 Blitz Masters"]
[Site "Chess.com"]
[Date "2014.11.25"]
[Round "9"]
[White "stepanosinovsky"]
[Black "pKiLz5Rn9b"]
[Result "1-0"]
[WhiteElo "2248"]
[BlackElo "2128"]
[TimeControl "180+2"]
[EndTime "12:51:32 PST"]
[Termination "stepanosinovsky won by resignation"]

1. Nf3 Nf6 2. g3 e6 3. Bg2 d5 4. O-O Bd6 5. d3 O-O 6. Nbd2 c5 7. e4 Nc6 8. Re1 Qc7 9. c3 Rd8 10. Qe2 Bf8 11. e5 Nd7 12. h4 b6 13. Nf1 Ba6 14.
h5 Ndxe5 15. Nxe5 Qxe5 16. Qxe5 Nxe5 17. Rxe5 Bxd3 18. Re1 f6 19. Rxe6 Kf7 20. Re1 Re8 21.
Bf4 1-0

[Event "*** Monthly 3|2 Blitz Masters"]
[Site "Chess.com"]
[Date "2014.11.25"]
[Round "9"]
[White "MattyDPerrine"]
[Black "Mvpag"]
[Result "0-1"]
[WhiteElo "2026"]
[BlackElo "1907"]
[TimeControl "180+2"]
[EndTime "12:54:01 PST"]
[Termination "Mvpag won by resignation"]

1. d4 d5 2. c4 e6 3. cxd5 exd5 4. Nc3 Nf6 5. Bg5 Be7 6. e3 c6 7. Qc2 Nbd7 8. Bd3 Nf8 9. f3 Ng6 10. h4 Nh5 11. Bxe7 Qxe7 12. Qf2 Ngf4 13. Bf1 O-O 14. O-O-O Ne6 15. g4 Nf6 16. g5 Nh5 17. f4 g6 18.
Be2 Nhg7 19. h5 Nf5 20. Nf3 b5 21. e4 Nd6 22. exd5 b4 23. dxe6 bxc3 24. bxc3 Ne4 25. Qe3 Qa3+ 26. Kc2 Qxa2+ 27. Kc1 Rb8 0-1

[Event "*** Monthly 3|2 Blitz Masters"]
[Site "Chess.com"]
[Date "2014.11.25"]
[Round "9"]
[White "WanderingPuppet"]
[Black "Hafez_Bakr"]
[Result "0-1"]
[WhiteElo "2006"]
[BlackElo "1814"]
[TimeControl "180+2"]
[EndTime "12:54:33 PST"]
[Termination "Hafez_Bakr won by resignation"]

1. Nc3 c5 2. e4 d6 3. Nf3 Nc6 4. d4 cxd4 5. Nxd4 Nf6 6. Bg5 Bd7 7. Qd2 e6 8. O-O-O a6 9. f3 h6 10. Be3 Be7 11. g4 Nxd4 12. Qxd4 e5 13. Qb6 Qxb6 14. Bxb6 Bc6 15. h4 Nd7 16. Be3 b5 17. Be2 b4 18.
Nd5 Bxd5 19. Rxd5 O-O 20. g5 h5 21. g6 fxg6 22. Rg1 Kh7 23. Bg5 Nf6 24. Ra5 Rfb8 25. Rxa6 Rxa6 26. Bxa6 Ra8 27. Bc4 Rc8 28. Be6 Rc5 29. Be3 Ra5 30. Bf7 Nd7 31. Bxg6+ Kh8 32. Kb1 Bxh4 33. Rh1 Bf6 34. Bf7 h4 35. Bf2 g5 36.
Be3 Kg7 37. Be6 Nc5 38. Rg1 Nxe6 0-1

[Event "*** Monthly 3|2 Blitz Masters"]
[Site "Chess.com"]
[Date "2014.11.25"]
[Round "9"]
[White "GulamaliRises"]
[Black "vovkcoach"]
[Result "0-1"]
[WhiteElo "2402"]
[BlackElo "2481"]
[TimeControl "180+2"]
[EndTime "12:54:39 PST"]
[Termination "vovkcoach won by resignation"]

1. e4 c6 2. d4 d5 3. Nc3 dxe4 4.
Nxe4 Nd7 5. Ng5 e6 6. Bc4 Ngf6 7. Qe2 Nb6 8. Bb3 h6 9. N5f3 c5 10. Be3 Nbd5 11. Bd2 cxd4 12. Ne5 Bd6 13. Ngf3 O-O 14.
O-O-O Qc7 15. g4 a5 16. a4 b5 17. g5 hxg5 18. Bxg5 bxa4 19. Bxa4 Nc3 20. bxc3 Ba3+ 21. Kb1 Nd5 22. Bd2 Nxc3+ 0-1

[Event "*** Monthly 3|2 Blitz Masters"]
[Site "Chess.com"]
[Date "2014.11.25"]
[Round "9"]
[White "Dlugy"]
[Black "GeorgMeier"]
[Result "1/2-1/2"]
[WhiteElo "2594"]
[BlackElo "2633"]
[TimeControl "180+2"]
[EndTime "12:55:07 PST"]
[Termination "Game drawn by repetition"]

1. d4 e6 2. c4 Nf6 3. Nf3 d5 4.
Nc3 Be7 5. Bg5 h6 6. Bh4 O-O 7.
e3 b6 8. Qb3 Bb7 9. Bxf6 Bxf6 10.
cxd5 exd5 11. Rd1 c6 12. Bd3 Na6 13. O-O Nc7 14. Bb1 Re8 15. a3 g6 16. Rfe1 Bg7 17. h3 Re7 18. e4 dxe4 19. Bxe4 Nd5 20. Nxd5 cxd5 21. Bd3 Rc8 22. Qa4 a5 23. Rxe7 Qxe7 24. Re1 Qd8 25. Ne5 Bf6 26. Qb5 Kg7 27. g3 Qd6 28.
Kg2 Rc7 29. Re2 Bc8 30. Qe8 Qd8 31. Qb5 Qd6 32. Qe8 Qd8 33. Qb5 Qd6 34. Qe8 1/2-1/2

[Event "*** Monthly 3|2 Blitz Masters"]
[Site "Chess.com"]
[Date "2014.11.25"]
[Round "9"]
[White "Nouki"]
[Black "Quinten94"]
[Result "1-0"]
[WhiteElo "2631"]
[BlackElo "2234"]
[TimeControl "180+2"]
[EndTime "12:55:07 PST"]
[Termination "Nouki won by resignation"]

1. d4 Nf6 2. c4 c6 3. Nc3 d5 4.
Nf3 dxc4 5. a4 Bf5 6. Ne5 Nbd7 7. Nxc4 Qc7 8. g3 e5 9. dxe5 Nxe5 10. Bf4 Nfd7 11.
Bg2 f6 12. O-O g5 13. Nxe5 gxf4 14. Nxd7 Qxd7 15. Qb3 Qf7 16. Qxf7+ Kxf7 17. Rfd1 fxg3 18. hxg3 h5 19. a5 a6 20. Ra4 Be7 21. Rf4 Be6 22. Ne4 Kg7 23. Nd6 Rad8 24. Rfd4 Rxd6 25. Rxd6 Bxd6 26. Rxd6 Kf7 27. Rd4 Ke7 28. Bf3 Bf7 29. Rb4 1-0

[Event "*** Monthly 3|2 Blitz Masters"]
[Site "Chess.com"]
[Date "2014.11.25"]
[Round "9"]
[White "minnesotachessmaster"]
[Black "Vandros57"]
[Result "1/2-1/2"]
[WhiteElo "1929"]
[BlackElo "1798"]
[TimeControl "180+2"]
[EndTime "12:55:47 PST"]
[Termination "Game drawn by agreement"]

1. e4 c5 2. Nf3 d6 3. d4 cxd4 4. Nxd4 Nf6 5. Nc3 e5 6. Nf3 Be7 7. Bc4 O-O 8. O-O Nc6 9. h3 h6 10. Be3 a6 11. Qd2 b5 12. Bd5 Nxd5 13. Nxd5 Be6 14. Rad1 Bxd5 15. Qxd5 Qc7 16. c3 Rac8 17. Nh2 Rfd8 18. f4 exf4 19. Bxf4 Bf8 20. Ng4 Ne5 21.
Nxe5 dxe5 22. Qxe5 Qxe5 23. Bxe5 Re8 24. Rd5 Rc4 25.
Bd4 Rxe4 26. Rd8 f6 27. Rf5 Kf7 28. Rfd5 1/2-1/2

[Event "*** Monthly 3|2 Blitz Masters"]
[Site "Chess.com"]
[Date "2014.11.25"]
[Round "9"]
[White "jlandaw"]
[Black "hitaman"]
[Result "0-1"]
[WhiteElo "2301"]
[BlackElo "2419"]
[TimeControl "180+2"]
[EndTime "12:56:16 PST"]
[Termination "hitaman won by resignation"]

1. e4 c5 2. Nc3 e6 3. g3 a6 4. Bg2 b5 5. d3 Bb7 6. Nf3 d6 7. O-O Be7 8. a4 b4 9. Ne2 Nd7 10. b3 Bf6 11. Rb1 Ne7 12. Nf4 O-O 13. Kh1 Nc6 14. Ng1 g6 15. h4 Bg7 16. h5 Nd4 17. Bb2 g5 18. Nfe2 h6 19. Nxd4 cxd4 20. f4 f5 21. Nf3 gxf4 22. exf5 fxg3 23. Kg1 e5 24. Nd2 Qh4 25. Nf3 Qxh5 26. Qe1 Rxf5 27.
Qxg3 Raf8 28. Rf2 Bxf3 0-1

[Event "*** Monthly 3|2 Blitz Masters"]
[Site "Chess.com"]
[Date "2014.11.25"]
[Round "9"]
[White "bugsbunny444"]
[Black "thegormacle"]
[Result "0-1"]
[WhiteElo "2307"]
[BlackElo "2462"]
[TimeControl "180+2"]
[EndTime "12:56:53 PST"]
[Termination "thegormacle won by resignation"]

1. Nf3 d5 2. c4 dxc4 3. e4 Nc6 4.
Bxc4 Nf6 5. Nc3 e6 6. d4 Bb4 7.
Bd3 O-O 8. Be3 Ng4 9. e5 Nxe3 10.
fxe3 Ne7 11. O-O c5 12. a3 cxd4 13. exd4 Ba5 14. Be4 Nd5 15. Qb3 Ne7 16. Kh1 Bb6 17. Rad1 Bd7 18. d5 exd5 19. Nxd5 Nxd5 20. Bxd5 Qe7 21.
Rde1 Be6 22. Bxe6 Qxe6 23. Qxe6 fxe6 24. Ng5 Rfe8 25. Nf7 Rec8 26. Nd6 Rc2 27. b4 a5 28. Nxb7 axb4 29. axb4 Raa2 30. Rd1 Rxg2 31. Nc5 0-1

[Event "*** Monthly 3|2 Blitz Masters"]
[Site "Chess.com"]
[Date "2014.11.25"]
[Round "9"]
[White "Sebastian"]
[Black "gmjlh"]
[Result "1-0"]
[WhiteElo "2545"]
[BlackElo "2526"]
[TimeControl "180+2"]
[EndTime "12:56:55 PST"]
[Termination "Sebastian won by resignation"]

1. e4 e5 2. Nf3 Nc6 3. Bb5 Nf6 4.
O-O Nxe4 5. d4 Nd6 6. Bxc6 dxc6 7. dxe5 Nf5 8. Qxd8+ Kxd8 9. Rd1+ Ke8 10. Nc3 Ne7 11. h3 h6 12. Bf4 Ng6 13. Bh2 Bb4 14. Ne2 Nf8 15. Nfd4 Bc5 16. Rd2 Ne6 17. Nxe6 Bxe6 18. Nf4 Rd8 19. Rxd8+ Kxd8 20. Nxe6+ fxe6 21. Rd1+ Ke7 22.
g4 Rf8 23. Bg3 g5 24. Kg2 Rd8 25. Rxd8 Kxd8 26. f4 Ke8 27. h4 Kf7 28. Kf3 Bd4 29. b3 Bc3 30. Ke4 Bd2 31. c4 Kg6 32. Kf3 Bc1 33.
Ke4 Bd2 34. f5+ Kf7 35. Bf2 a6 36. h5 Bc1 37. Ba7 Ba3 38. Bb8 Bc5 39. Bxc7 Bb4 40. Bd6 Bd2 41. Kd4 Bc1 42. Ke4 Bd2 43. fxe6+ Kxe6 44. Bf8 Kf7 45. Bxh6 Kg8 46. Kf5 1-0

[Event "*** Monthly 3|2 Blitz Masters"]
[Site "Chess.com"]
[Date "2014.11.25"]
[Round "9"]
[White "ChessWarrior7197"]
[Black "alturas_pacificas"]
[Result "0-1"]
[WhiteElo "1843"]
[BlackElo "2066"]
[TimeControl "180+2"]
[EndTime "12:57:00 PST"]
[Termination "alturas_pacificas won on time"]

1. c4 c6 2. Nf3 d5 3. cxd5 cxd5 4.
g3 Nf6 5. Bg2 Nc6 6. O-O Bf5 7.
d4 e6 8. Nc3 Be7 9. Bf4 h6 10.
Rc1 O-O 11. Ne5 Nxe5 12. Bxe5 Nd7 13. Bf4 Qa5 14. a3 Rfc8 15. e4 dxe4 16. Nxe4 Nb6 17. Nc5 Bxc5 18. dxc5 Nd5 19. Bd6 Qb5 20. b4 Nf6 21.
Qb3 a5 22. a4 Qxb4 23. Qxb4 axb4 24. Bxb7 b3 25. Bxa8 Rxa8 26. Be5 Rxa4 27. c6 Bc2 28. c7 Rc4 29. Ra1 b2 30. Ra8+ Kh7 0-1

[Event "*** Monthly 3|2 Blitz Masters"]
[Site "Chess.com"]
[Date "2014.11.25"]
[Round "9"]
[White "IMLevAltounian"]
[Black "IMRosen"]
[Result "0-1"]
[WhiteElo "2205"]
[BlackElo "2006"]
[TimeControl "180+2"]
[EndTime "12:57:14 PST"]
[Termination "IMRosen won by resignation"]

1. Nf3 Nf6 2. c4 e6 3. g3 d5 4. Bg2 dxc4 5. Qa4+ c6 6. Qxc4 b5 7. Qb3 Bb7 8. O-O Nbd7 9. d4 a6 10. a4 Be7 11. Bg5 O-O 12. Nbd2 Qb6 13. Rfd1 c5 14.
axb5 axb5 15. Rxa8 Rxa8 16. dxc5 Nxc5 17. Qe3 Nd5 18. Qd4 Ra4 19. b4 Rxb4 20. Qa1 Ra4 21. Qb2 Bf8 22. Nf1 Ne4 23. Be3 Qa5 24. Bd4 Ra2 25. Qb3 Rxe2 26. Ra1 Qb4 27. Qd3 Qc4 28. Qd1 Ndc3 29. Bxc3 Nxc3 30. Qd8 Ra2 31. Rxa2 Qxa2 32. h4 Ne4 33. Qb6 Qa6 34. Qd4 Qa8 35. Qb2 b4 36.
Ne5 Bd5 37. Ne3 Nc3 38. Nxd5 Nxd5 39. Qb3 Qb7 40. Nd3 Qb5 41. Be4 Nc3 42. Bf3 Qxd3 0-1

[Event "*** Monthly 3|2 Blitz Masters"]
[Site "Chess.com"]
[Date "2014.11.25"]
[Round "9"]
[White "Argente"]
[Black "ameet100"]
[Result "0-1"]
[WhiteElo "2177"]
[BlackElo "2417"]
[TimeControl "180+2"]
[EndTime "12:57:19 PST"]
[Termination "ameet100 won by resignation"]

1. d4 g6 2. e4 Bg7 3. c3 d6 4.
Bg5 Nd7 5. Nd2 c6 6. f4 Ngf6 7.
e5 Nd5 8. c4 Ne3 9. Qb3 Nxf1 10. Nxf1 f6 11. Bh4 O-O 12. Nf3 Nb6 13. Ne3 Be6 14.
d5 cxd5 15. cxd5 Nxd5 16. Nxd5 Qa5+ 17. Qb4 Qxd5 18. exf6 Bxf6 19. O-O a5 20. Qb6 Ra6 21. Qf2 Bxh4 22. Qxh4 Rf7 23. Ng5 Rg7 24. Rae1 Bf5 25. b3 Rc6 26. Rf2 Qd4 27. Kh1 Qf6 28. Rfe2 Rc7 29. h3 b5 30. Kh2 a4 31. bxa4 bxa4 32. Qh6 Bd3 33. Rf2 Bc4 34. Qh4 Qf5 35. Qg3 h6 36.
Nf3 Bd5 37. Nh4 Qf6 38. Rfe2 Kh7 39. Nf3 e6 40. Nh4 Rc4 41. Rf2 Rd4 42. Qg4 g5 43.
fxg5 Qxf2 44. g6+ Kg8 0-1

[Event "*** Monthly 3|2 Blitz Masters"]
[Site "Chess.com"]
[Date "2014.11.25"]
[Round "9"]
[White "bsmail"]
[Black "DanielRensch"]
[Result "0-1"]
[WhiteElo "2109"]
[BlackElo "2344"]
[TimeControl "180+2"]
[EndTime "12:57:46 PST"]
[Termination "DanielRensch won by resignation"]

1. d4 Nf6 2. c4 e6 3. Nf3 c5 4. d5 b5 5. dxe6 fxe6 6. cxb5 a6 7.
e3 Be7 8. Nc3 O-O 9. e4 axb5 10.
Bxb5 Bb7 11. e5 Nd5 12. Nxd5 Bxd5 13. Be2 Nc6 14. O-O Bxa2 15. Be3 Bd5 16. Qc2 Qb6 17. Rac1 Ra2 18. Bxc5 Bxc5 19. Qxc5 Qxc5 20. Rxc5 Rxb2 21. Re1 Nb4 22. Rc7 Bxf3 23. Bxf3 Nd3 24. Rf1 Nxe5 25.
Be4 d5 26. Bb1 Nc4 27. Bd3 Ne5 28. Ba6 Ng4 29. h3 Nxf2 30. Bc8 Re2 31. Re7 Rf6 32. Bxe6+ Kf8 33. Rd7 Rexe6 34. Rxd5 Ne4 35. Rxf6+ Nxf6 36. Ra5 h5 37. g3 Kf7 38. Kg2 Re2+ 39. Kf3 Rh2 40.
h4 Rd2 41. Kf4 Rf2+ 42. Ke3 Ng4+ 43. Ke4 g6 44. Ra7+ Kf6 45. Ra6+ Kg7 46. Ra7+ Rf7 47. Ra6 Kh6 48. Rb6 Ra7 49. Rc6 Ra3 50. Kf4 Ra4+ 51. Kf3 Ne5+ 0-1

[Event "*** Monthly 3|2 Blitz Masters"]
[Site "Chess.com"]
[Date "2014.11.25"]
[Round "9"]
[White "jcibarra"]
[Black "wonderfultime"]
[Result "0-1"]
[WhiteElo "2437"]
[BlackElo "2501"]
[TimeControl "180+2"]
[EndTime "12:57:53 PST"]
[Termination "wonderfultime won by resignation"]

1. e4 e6 2. d4 d5 3. Nc3 dxe4 4.
Nxe4 Bd7 5. Nf3 Bc6 6. Neg5 Nd7 7. Nxf7 Kxf7 8. Ng5+ Ke8 9. Bc4 Bxg2 10. Rg1 Bd5 11. Nxe6 Bxe6 12. Bxe6 Qe7 13. Qe2 Ngf6 14. Bf4 Nb6 15.
O-O-O Kd8 16. Rge1 Qb4 17. c3 Qa5 18. Qf3 c6 19. Re5 Qa6 20. d5 c5 21. d6 Nbd7 22.
Bg5 Bxd6 23. Red5 Kc7 24. Rxd6 Qxd6 25. Bf4 Ne5 26. Rxd6 Nxf3 27. Rd3+ Kc6 28. Rxf3 Rae8 29. Bb3 Rhf8 30. c4 Re4 31. Be3 b6 32. Rf5 Rd8 33. a3 Rd6 34. Rg5 g6 35. Kb1 Rg4 36. Re5 Re4 37.
Rg5 Kb7 38. Rg1 Ng4 39. Bc2 Rxc4 40. Bb3 Nxe3 41. fxe3 Rh4 0-1